 Dungeon Crawl Stone Soup version 0.28-a0-622-gbaef9634d7 (webtiles) character file.

Game seed: 13172843488207037405

20 OfficerJojo the Chopper (level 2, 0/27 HPs)
             Began as a Hill Orc Cinder Acolyte on Oct 7, 2021.
             Was a High Priest of Ignis.
             Slain by a kobold (5 damage)
             ... on level 1 of the Dungeon.
             The game lasted 00:04:11 (693 turns).

OfficerJojo the Chopper (Hill Orc Cinder Acolyte)    Turns: 693, Time: 00:04:11

Health: 0/27       AC:  2    Str: 16    XL:     2   Next: 79%
Magic:  3/3        EV: 11    Int: 14    God:    Ignis [*****.]
Gold:   14         SH:  0    Dex:  6    Spells: 3/3 levels left

rFire   + . .      SeeInvis .   a - -1 hand axe (flame)
rCold   . . .      Faith    .   (no shield)
rNeg    . . .      Spirit   .   b - +0 robe
rPois   .          Reflect  .   (no helmet)
rElec   .          Harm     .   (no cloak)
rCorr   .          Rampage  .   (no gloves)
Will    .....                   (no boots)
Stlth   +.........              (no amulet)
HPRegen 0.09/turn               (no ring)
MPRegen 0.08/turn               (no ring)

@: no status effects
A: no striking features
a: Renounce Religion, Sea of Fire, Foxfire Swarm, Rising Flame


You were on level 1 of the Dungeon.
You worshipped Ignis.
Ignis was extremely pleased with you.
You visited 1 branch of the dungeon, and saw 1 of its levels.

You collected 14 gold pieces.

Inventory:

Hand Weapons
 a - a -1 hand axe of flaming (weapon)
 e - a +0 club
Armour
 b - a +0 robe (worn)
Scrolls
 c - a scroll of identify {unknown}
 d - a scroll of amnesia {unknown}
Potions
 f - 2 potions of mutation {unknown}


   Skills:
 + Level 3.9 Fighting
 + Level 4.2 Axes
 + Level 0.9 Armour
 + Level 1.2 Spellcasting
 + Level 3.5 Fire Magic


You had 3 spell levels left.
You didn't know any spells.
Your spell library contained the following spells:

 Spells                   Type           Power      Damage    Failure   Level
 Scorch                   Fire           20%        2d6       10%         2


Dungeon Overview and Level Annotations

Branches:
Dungeon (1/15)

Altars:


Message History

The kobold is severely wounded.
The kobold barely misses you.
You hit the kobold but do no damage.
The kobold is severely wounded.
The kobold hits you but does no damage.
You barely miss the kobold.
The kobold is severely wounded.
The kobold hits you with a +0 whip.
You are too injured to fight recklessly!
You are too injured to fight recklessly!
You are too injured to fight recklessly!
You are too injured to fight recklessly!
You are too injured to fight recklessly!
You are too injured to fight recklessly!
You closely miss the kobold.
The kobold is severely wounded.
The kobold hits you with a +0 whip.
You closely miss the kobold.
The kobold is severely wounded.
The kobold barely misses you.
You barely miss the kobold.
The kobold is severely wounded.
The kobold hits you with a +0 whip.
* * * LOW HITPOINT WARNING * * *
You don't know any spells.
Unknown command.
Fires begin to smoulder around you! The kobold barely misses you.
The kobold throws a stone.
The stone hits you.
* * * LOW HITPOINT WARNING * * *
The fire ignites! x6; You smother the flame.
The fire ignites! x3
The kobold throws a stone.
The stone hits you.
* * * LOW HITPOINT WARNING * * *
The kobold completely misses you.
You hit the kobold but do no damage.
The kobold is severely wounded.
The kobold closely misses you.
You barely miss the kobold.
The kobold is severely wounded.
The kobold hits you with a +0 whip.
You die...

...#...#..######
#
..###..........#
.## ##....####.#
#.###..#.......#
...#.....####..#
.....#.#.# #..#
##.......# #§.#
....##.###
#§§#####§#
##.###.#
#☼§.@KB§§#
#.###.#
##§#######
.##..# #.#
.##.## #.#
##.##.## #.#
#..#...#### #.#
..........# #.#
#.#######.# #.
#.#######.##


You could see a giant cockroach and a kobold.

Vanquished Creatures
  A dart slug (D:1)
  3 endoplasms (D:1)
  2 giant cockroaches (D:1)
  2 hobgoblins (D:1)
  A kobold (D:1)
  2 quokkas (D:1)
  A bat (D:1)
  2 goblins (D:1)
  2 rats (D:1)
16 creatures vanquished.

Vanquished Creatures (others)
  3 foxfires (D:1)
3 creatures vanquished.

Grand Total: 19 creatures vanquished

Notes
Turn   | Place    | Note
-------+----------+-------------------------------------------
     0 | D:1      | OfficerJojo the Hill Orc Cinder Acolyte began the quest for
                  | the Orb.
     0 | D:1      | Reached XP level 1. HP: 19/19 MP: 2/2
    90 | D:1      | Reached XP level 2. HP: 26/27 MP: 3/3
   693 | D:1      | Slain by a kobold

Illustrated notes

Levels and vault maps discovered:
D:1:      kennysheep_arrival_forest, layout_loops_ring,
          roderic_nine_men_s_morris

Action                   || total
-------------------------++-------
Melee: Hand axe          ||    58
Invok: Sea of Fire       ||     2
       Foxfire Swarm     ||     1
Armor: Robe              ||    20
Dodge: Dodged            ||    27

Table legend: (Time is in decaauts)
 A = Elapsed time spent in this place.
 B = Non-inter-level travel time spent in this place.
 C = Inter-level travel time spent in this place.
 D = Time resting spent in this place.
 E = Time spent auto-exploring this place.
 F = Levels seen in this place.
 G = Mean time per level.
                   A        B        C        D        E       F      G
               +--------+--------+--------+--------+--------+-----+--------+
         Total |    698 |    673 |     25 |    303 |    205 |   1 |  698.0 |
       Dungeon |    698 |    673 |     25 |    303 |    205 |   1 |  698.0 |
               +--------+--------+--------+--------+--------+-----+--------+

Top non-repeatable levels by time:
     D:1: 698 daAuts
